 Dungeon Crawl Stone Soup version 0.31-a0-1598-g94871bc2e8 (webtiles) character file.

Game seed: 4402176975755112711

688 kae the Sneak (level 7, 0/51 HPs)
             Began as a Demonspawn Enchanter on Jan 7, 2024.
             Slain by Blork the orc
             ... wielding a +0 mace
              (6 damage)
             ... on level 5 of the Dungeon.
             The game lasted 00:06:12 (3951 turns).

kae the Sneak (Demonspawn Enchanter)                Turns: 3951, Time: 00:06:12

Health: 0/51       AC:  4    Str:  8    XL:     7   Next: 36%
Magic:  11/11      EV: 12    Int: 16    God:
Gold:   94         SH:  0    Dex: 15    Spells: 4/12 levels left

rFire   . . .        a - +3 dagger
rCold   . . .        (no shield)
rNeg    . . .        b - +0 robe
rPois   .            (no helmet)
rElec   .            (no cloak)
rCorr   .            m - +1 pair of gloves
SInv    .            (no boots)
Will    .....        (no amulet)
Stlth   +            (no ring)
HPRegen 0.28/turn    (no ring)
MPRegen 0.12/turn

%: no passive effects
@: confused
A: hooves 1, powered by pain 1, spiny 1, sturdy frame 2
a: no special abilities


You were on level 5 of the Dungeon.
You visited 1 branch of the dungeon, and saw 5 of its levels.

You collected 139 gold pieces.
You spent 45 gold pieces at shops.


Innate Abilities, Weirdness & Mutations

You have large cloven feet.
You sometimes gain a little power by taking damage.
You are partially covered in sharp spines.
Your movements are less encumbered by armour. (ER -4)


   Skills:
 + Level 2.5 Fighting
 * Level 3.5 Short Blades
 - Level 1.7 Dodging
 * Level 4.9 Stealth
 + Level 3.2 Spellcasting
 + Level 4.1 Hexes
 + Level 2.1 Ice Magic


You had 4 spell levels left.
You knew the following spells:

 Your Spells              Type           Power      Damage    Failure   Level
a - Ensorcelled Hibernat  Hex/Ice        24%        N/A       8%          2
b - Confusing Touch       Hex            15%        N/A       10%         3
c - Tukima's Dance        Hex            15%        N/A       10%         3

Your spell library contained the following spells:

 Spells                   Type           Power      Damage    Failure   Level
 Dazzling Flash           Conj/Hex       18%        N/A       24%         3
 Mephitic Cloud           Conj/Alch/Air  2%         N/A       50%         3
 Silence                  Hex/Air        4%         N/A       91%         5
 Curse of Agony           Necr           2%         N/A       99%         5

Inventory:

Hand Weapons
 a - a +3 dagger (weapon)
Missiles
 d - 2 javelins
 e - 57 stones
 i - 3 curare-tipped darts {=f}
 l - 5 boomerangs
Armour
 b - a +0 robe (worn)
 m - a +1 pair of gloves (worn)
   (You bought it in a shop on level 1 of the Dungeon)
Jewellery
 E - a +5 ring of evasion
   (You found it on level 4 of the Dungeon)
 S - a +6 ring of strength
   (You found it on level 3 of the Dungeon)
Scrolls
 g - 2 scrolls of blinking {unknown}
 k - 2 scrolls of teleportation {@r4}
 p - a scroll of identify {@r1}
 r - a scroll of revelation {unknown}
 s - a scroll of brand weapon {unknown}
 t - a scroll of vulnerability {!r!r}
Potions
 c - a potion of invisibility
 f - a potion of lignification {!q}
 h - 2 potions of haste {@q3}
 j - a potion of enlightenment
 n - a potion of curing {unknown}
 q - a potion of brilliance {unknown}

Dungeon Overview and Level Annotations

Branches:
Dungeon (5/15) Zot: 26064
 Temple: D:4-7

Altars:

Shops:
D:1 [   D:3 :

Annotations:
D:5 Blork the orc, Edmund

.## ..# ### #.## #.... ...
#..##...# #..# ## #.....#
#..####. ...#### ?...#.>
## .#.### #.#... )..#
.....# #.#.####....#
.....#########..@{........
...[<............o.......#
.........####..######@...#
.....#.#.......# ...#
.....#.#####.....# ..#
######)##....#.#..... .#
#)#..####.###### $ ##...#
#.# #).### #.#


You could see Edmund and Blork the orc (fast).


Message History

You hit the orc priest but do no damage.
The ufetubus barely misses you. x2
Blork the orc comes into view.
He is wielding a +0 mace.
The orc priest closely misses you. Something hits you.
The dart slug is struck by your spines. The dart slug bites you.
The adder closely misses you. 😮 HP[-17] MP[+1]
You take 17 damage, and now have 33/51 hp.
MASSIVE DAMAGE!! (PAUSE)
You barely miss the orc priest. The ufetubus is struck by your spines.
The ufetubus barely misses you. The ufetubus misses you.
The orc priest invokes the aid of Beogh against you.
Pain shoots through your body! Something hits you. The adder barely misses you.
The ufetubus closely misses you. The ufetubus misses you. 😮 HP[-3]
You take 3 damage, and now have 30/51 hp.
Unknown command.
You hit the orc priest. The dart slug is struck by your spines.
The dart slug misses you. The adder barely misses you. Something hits you.
The orc priest hits you with a +0 falchion!
* * * LOW HITPOINT WARNING * * *
The ufetubus is struck by your spines.
You kill the ufetubus! 😨 HP[-9]
You take 9 damage, and now have 21/51 hp.
Unknown command.
You closely miss the orc priest. The adder is struck by your spines.
The adder bites you but does no damage.
The orc priest is struck by your spines.
You kill the orc priest!
Something hits you but does no damage. The dart slug launches a dart at you.
The slug dart misses you. 😨 HP[+1]
You hit the dart slug. The adder is struck by your spines.
The adder barely misses you.
You hear some strange, mumbled words.
You are confused.
You hit the adder.
You kill the adder!
The dart slug is struck by your spines.
You kill the dart slug!
Unknown command.
You hit the ufetubus. The ufetubus is struck by your spines.
You kill the ufetubus!
Something hits you.
* * * LOW HITPOINT WARNING * * *
😨 HP[-1]
You take 1 damage, and now have 21/51 hp.
Unknown command.
Blork the orc screams, "I'll break your legs!"
Blork the orc misses you.
You hear some strange, mumbled words.
A puff of flame appears from out of thin air!
The puff of flame hits you.
* * * LOW HITPOINT WARNING * * *
😨 HP[-4]
You take 4 damage, and now have 17/51 hp.
Blork the orc points at you and mumbles some strange words.
The puff of frost hits you!
* * * LOW HITPOINT WARNING * * *
Something completely misses you. 😱 HP[-11]
You take 11 damage, and now have 6/51 hp.
MASSIVE DAMAGE!! (PAUSE)
You are too confused!
You are more confused.
You feel invigorated.
Edmund the Younger comes into view.
He is wielding a +2 dire flail of protection.
Blork the orc casts a spell at you. The magic dart hits you!
* * * LOW HITPOINT WARNING * * *
Something hits you.
* * * LOW HITPOINT WARNING * * *
😱 HP[-4] MP[+1]
You take 4 damage, and now have 2/51 hp.
Your mp is fully restored (11).
Blork the orc casts a spell at you. The puff of flame hits you.
* * * LOW HITPOINT WARNING * * *
Something hits you but does no damage. 😱 HP[+1] Unknown command.
You bump into the rock wall.
Blork the orc is struck by your spines. Blork the orc hits you with a +0 mace.
* * * LOW HITPOINT WARNING * * *
Something hits you but does no damage. 😱 HP[+2]
You regained 2 hp, and now have 5/51 hp.
Unknown command.
You bump into the rock wall.
You feel less invigorated.
Blork the orc gestures wildly while chanting.
Blork the orc seems to speed up.
Something hits you.
* * * LOW HITPOINT WARNING * * *
Edmund shouts!
Something hits you.
* * * LOW HITPOINT WARNING * * *
Blork the orc hits you with a +0 mace.
You die...

Skill      XL: |  1  2  3  4  5  6  7 |
---------------+----------------------+-----
Short Blades   | 1 2 3 |  3.5
Stealth        | 3 4 |  4.9
Fighting       | 1 2 |  2.5
Ice Magic      | 1 2 |  2.1
Spellcasting   | 3 |  3.2
Hexes          | 4 |  4.1
Dodging        | |  1.7

Action                     |  1- 3 |  4- 6 |  7- 9 || total
---------------------------+-------+-------+-------++-------
  Melee: Dagger            |    84 |   122 |    20 ||   226
         Punch             |     1 |     1 |     1 ||     3
         Kick              |     2 |    34 |     7 ||    43
   Cast: Ensorcelled Hiber |    10 |    15 |       ||    25
         Confusing Touch   |       |       |     1 ||     1
    Use: Scroll            |     6 |     6 |       ||    12
         Potion            |     2 |       |     1 ||     3
   Stab: Sleeping          |     9 |    18 |       ||    27
         Confused          |       |       |     1 ||     1
 Armour: Robe              |    38 |    53 |    29 ||   120
  Dodge: Dodged            |    59 |    56 |    30 ||   145

Levels and vault maps discovered:
D:1:      giann_forest_graveyard, layout_basic, serial_shops, shop,
          minmay_statues_item, minmay_pentomino_q2
D:2:      layout_loops_ring
D:3:      layout_loops_ring, serial_shops, nicolae_shop_hallway_stairs
D:4:      layout_rooms
D:5:      layout_rooms, nicolae_hepliaklqana_hazy_memory, uniq_grinder,
          uniq_blork_the_orc, uniq_edmund

Notes
Turn   | Place    | Note
-------+----------+-------------------------------------------
     0 | D:1      | kae the Demonspawn Enchanter began the quest for the Orb.
     0 | D:1      | Reached XP level 1. HP: 13/13 MP: 3/3
     0 | D:1      | magus.rc [v1.11.3]
   110 | D:1      | Reached skill level 1 in Short Blades
   249 | D:1      | Found Esigom's Armour Emporium.
   256 | D:1      | Bought a +0 pair of gloves for 45 gold pieces
   331 | D:1      | You pick up a book of the Senses and begin reading...
   331 | D:1      | You add the spells Mephitic Cloud, Curse of Agony and
                  | Silence to your library.
   347 | D:1      | Gained mutation: You sometimes gain a little power by
                  | taking damage. [demonic ancestry]
   347 | D:1      | Reached XP level 2. HP: 19/19 MP: 5/5
   449 | D:1      | Learned a level 2 spell: Ensorcelled Hibernation
   493 | D:1      | Reached skill level 3 in Stealth
  1071 | D:1      | HP: 2/20 [gnoll/+0 flail (7)]
  1086 | D:1      | Gained mutation: You have large cloven feet. [demonic
                  | ancestry]
  1086 | D:1      | Reached XP level 3. HP: 6/25 MP: 2/6
  1289 | D:2      | Reached skill level 1 in Fighting
  1460 | D:2      | Gained mutation: You are partially covered in sharp spines.
                  | [demonic ancestry]
  1460 | D:2      | Reached XP level 4. HP: 32/32 MP: 7/7
  2055 | D:3      | Reached skill level 2 in Short Blades
  2192 | D:3      | Reached skill level 1 in Ice Magic
  2291 | D:3      | Found Matiqocrug's Book Boutique.
  2383 | D:3      | Gained mutation: Your movements are slightly less
                  | encumbered by armour. (ER -2) [demonic ancestry]
  2383 | D:3      | Reached XP level 5. HP: 37/37 MP: 8/8
  3058 | D:4      | Noticed an ogre
  3076 | D:4      | Killed an ogre
  3077 | D:4      | Reached skill level 4 in Stealth
  3132 | D:4      | Gained mutation: Your movements are less encumbered by
                  | armour. (ER -4) [demonic ancestry]
  3132 | D:4      | Reached XP level 6. HP: 39/44 MP: 7/10
  3340 | D:4      | Reached skill level 2 in Fighting
  3598 | D:5      | Entered Level 5 of the Dungeon
  3607 | D:5      | Learned a level 3 spell: Confusing Touch
  3611 | D:5      | Learned a level 3 spell: Tukima's Dance
  3623 | D:5      | Reached skill level 3 in Short Blades
  3623 | D:5      | Reached skill level 3 in Spellcasting
  3897 | D:5      | Reached XP level 7. HP: 51/51 MP: 8/11
  3922 | D:5      | Reached skill level 4 in Hexes
  3922 | D:5      | Reached skill level 2 in Ice Magic
  3938 | D:5      | Noticed Blork the orc
  3946 | D:5      | HP: 6/51 [Blork the orc/puff of frost (11)]
  3947 | D:5      | Noticed Edmund
  3947 | D:5      | HP: 2/51 [something (2)]
  3951 | D:5      | Slain by Blork the orc

Vanquished Creatures
  2 ogres
  A phantom (D:5)
  2 bombardier beetles
  4 orc priests
  A sleepcap (D:5)
  2 orc wizards
  3 gnolls
  6 adders
  2 ufetubi (D:5)
  4 dart slugs
  3 ribbon worms
  15 orcs
  9 endoplasms
  4 goblins
  5 hobgoblins
  2 jackals (D:1)
  5 quokkas
  5 ball pythons
  5 bats
  2 frilled lizards
  7 kobolds
  3 rats
92 creatures vanquished.

Table legend:
 A = Non-vault XP
 B = Vault XP
 C = Vault XP percentage of total XP
 D = Non-vault monster count
 E = Vault monster count
 F = Vault count percentage of total count
                 A         B        C        D         E       F
            +---------+---------+-------+---------+---------+-------
      Total |     983 |       0 |   0.0 |      92 |       0 |   0.0
            +---------+---------+-------+---------+---------+-------
        D:1 |      57 |       0 |   0.0 |      18 |       0 |   0.0
        D:2 |      63 |       0 |   0.0 |      15 |       0 |   0.0
        D:3 |      97 |       0 |   0.0 |      19 |       0 |   0.0
        D:4 |     332 |       0 |   0.0 |      24 |       0 |   0.0
        D:5 |     434 |       0 |   0.0 |      16 |       0 |   0.0
            +---------+---------+-------+---------+---------+-------

Skill      XL: |  1  2  3  4  5  6  7 |
---------------+----------------------+-----
Short Blades   | 1 2 3 |  3.5
Stealth        | 3 4 |  4.9
Fighting       | 1 2 |  2.5
Ice Magic      | 1 2 |  2.1
Spellcasting   | 3 |  3.2
Hexes          | 4 |  4.1
Dodging        | |  1.7

Action                     |  1- 3 |  4- 6 |  7- 9 || total
---------------------------+-------+-------+-------++-------
  Melee: Dagger            |    84 |   122 |    20 ||   226
         Punch             |     1 |     1 |     1 ||     3
         Kick              |     2 |    34 |     7 ||    43
   Cast: Ensorcelled Hiber |    10 |    15 |       ||    25
         Confusing Touch   |       |       |     1 ||     1
    Use: Scroll            |     6 |     6 |       ||    12
         Potion            |     2 |       |     1 ||     3
   Stab: Sleeping          |     9 |    18 |       ||    27
         Confused          |       |       |     1 ||     1
 Armour: Robe              |    38 |    53 |    29 ||   120
  Dodge: Dodged            |    59 |    56 |    30 ||   145

Illustrated notes

Table legend:
 A = Kills in this place as a percentage of kills in the entire game.
 B = Kills by you in this place as a percentage of kills by you in the entire game.
 C = Kills by friends in this place as a percentage of kills by friends in the entire game.
 D = Other kills in this place as a percentage of other kills in the entire game.
 E = Experience gained in this place as a percentage of experience gained in the entire game.
 F = Experience gained in this place divided by the number of levels of this place that you have seen.
                   A       B       C       D       E      F
               +-------+-------+-------+-------+-------+----------------------
         Total | 100.0 | 100.0 |   N/A |   N/A | 100.0 | 196.6
       Dungeon | 100.0 | 100.0 |   N/A |   N/A | 100.0 | 196.6
               +-------+-------+-------+-------+-------+----------------------

Table legend: (Time is in decaauts)
 A = Elapsed time spent in this place.
 B = Non-inter-level travel time spent in this place.
 C = Inter-level travel time spent in this place.
 D = Time resting spent in this place.
 E = Time spent auto-exploring this place.
 F = Levels seen in this place.
 G = Mean time per level.
                   A        B        C        D        E       F      G
               +--------+--------+--------+--------+--------+-----+--------+
         Total |   3934 |   3791 |    143 |    580 |   2490 |   5 |  786.8 |
       Dungeon |   3934 |   3791 |    143 |    580 |   2490 |   5 |  786.8 |
               +--------+--------+--------+--------+--------+-----+--------+

Top non-repeatable levels by time:
     D:1: 1144 daAuts
     D:4: 955 daAuts
     D:3: 826 daAuts
     D:2: 815 daAuts
     D:5: 192 daAuts
